 Dungeon Crawl Stone Soup version 0.31-a0-799-g6bc09d010c (webtiles) character file.

Game seed: 5768811691637912150

69 quakins the Chopper (level 4, 0/58 HPs)
             Began as a Minotaur Berserker on Sept 19, 2023.
             Was a Believer of Trog.
             Succumbed to a goblin's poison
             ... on level 4 of the Dungeon.
             The game lasted 00:03:28 (2346 turns).

quakins the Chopper (Minotaur Berserker)            Turns: 2346, Time: 00:03:29

Health: 0/58       AC:  8    Str: 23    XL:     4   Next: 2%
Magic:  3/3        EV:  9    Int:  4    God:    Trog [**....]
Gold:   136        SH:  0    Dex: 10    Spells: 3/3 levels left

rFire   . . .        a - +0 hand axe
rCold   . . .        (no shield)
rNeg    . . .        l - +0 chain mail
rPois   .            (helmet restricted)
rElec   .            (no cloak)
rCorr   .            (no gloves)
SInv    .            (no boots)
Will    .....        (no amulet) Stlth
                     (no ring)
HPRegen 0.29/turn    (no ring)
MPRegen 0.08/turn

%: no passive effects
@: berserking, lethally poisoned (0 -> -3), hasted, very quick
A: horns 2, retaliatory headbutt
a: Renounce Religion, Berserk, Trog's Hand


You were on level 4 of the Dungeon.
You worshipped Trog.
Trog was pleased with you.
You visited 1 branch of the dungeon, and saw 4 of its levels.

You collected 136 gold pieces.

Inventory:

Hand Weapons
 a - a +0 hand axe (weapon)
Missiles
 f - a throwing net
Armour
 l - a +0 chain mail (worn)
Jewellery
 h - the amulet "Naareno" {Reflect SH+5 SInv}
   (You found it on level 3 of the Dungeon)

   [amulet of reflection]

   Reflect:   It reflects blocked missile attacks.
   SInv:      It lets you see invisible.
   SH+5:      It affects your SH (+5).
 n - a ring of ice
Scrolls
 b - a scroll of immolation {unknown}
 c - a scroll of vulnerability {unknown}
 e - a scroll of identify {unknown}
 i - 2 scrolls of blinking {unknown}
 j - 2 scrolls of revelation {unknown}
 k - a scroll of fear {unknown}
 m - 2 scrolls of teleportation {unknown}
Potions
 d - a potion of berserk rage
 g - a potion of haste


   Skills:
 - Level 3.6 Fighting
 + Level 6.0 Axes
 - Level 2.4 Armour
 - Level 2.1 Dodging


You had 3 spell levels left.
You didn't know any spells.
Your spell library was empty.

Dungeon Overview and Level Annotations

Branches:
Dungeon (4/15)
 Temple: D:4-7

Altars:
Okawaru

Annotations:
D:2 1 runed translucent door, Crazy Yiuf
D:4 Robin


Innate Abilities, Weirdness & Mutations

You have a pair of horns on your head.
You reflexively headbutt those who attack you in melee.


Message History

You are lethally poisoned!
Items here: )))) ††.
You barely miss the goblin. You hit the goblin.
You feel very sick. The goblin hits you but does no damage.
The goblin barely misses you. You furiously retaliate!
You headbutt the goblin.
You kill the goblin!
Trog accepts your kill.
Your Axes skill increases to level 6!
You have reached level 4!
You feel agile.
You feel very sick. The goblin hits you but does no damage.
There is an open door here.
Things that are here:
a +0 dagger; a goblin corpse You feel very sick.
You feel very sick. The goblin attacks as it pursues you!
The goblin hits you with a +0 dagger.
* * * LOW HITPOINT WARNING * * *
* * * LOW HITPOINT WARNING * * *
You feel sick. Robin throws the goblin at you!
* * * LOW HITPOINT WARNING * * *
The goblin hits you but does no damage.
There is a stone staircase leading up here.
It was a potion of haste.
You feel yourself speed up.
* * * LOW HITPOINT WARNING * * *
You feel sick. The goblin hits you but does no damage.
It was a potion of berserk rage.
A red film seems to cover your vision as you go berserk!
You feel yourself moving faster!
You feel mighty!
You slice the goblin!!
You kill the goblin!
Trog accepts your kill.
* * * LOW HITPOINT WARNING * * *
You feel sick.
A goblin comes into view. It is wielding a +0 dagger.
You slash Robin! Your headbutt misses Robin.
Robin is severely wounded.
You die...

#.........# #.........#
#.........# #.........#
#.........# #.........#
#.......).# #+###
#.........##########....#
#.........#.@g.#........#
#.........#)...#).......#
#.........#....)).......#
#.........######)..g....#
#................#####.....
#................# ....
#................# ...
#................# g.
#.......####..>..# .


You could see Robin and a goblin (strong).

Vanquished Creatures
  2 adders (D:2)
  A dart slug (D:1)
  2 bats (D:1)
  5 endoplasms (D:1)
  A giant cockroach (D:3)
  11 goblins
  4 hobgoblins
  3 jackals (D:1)
  A quokka (D:3)
  5 ball pythons
  5 kobolds
  4 rats
44 creatures vanquished.

Notes
Turn   | Place    | Note
-------+----------+-------------------------------------------
     0 | D:1      | quakins the Minotaur Berserker began the quest for the Orb.
     0 | D:1      | Reached XP level 1. HP: 19/19 MP: 0/0
    26 | D:1      | Reached skill level 4 in Axes
    99 | D:1      | Reached XP level 2. HP: 24/26 MP: 1/1
   347 | D:1      | Reached ** piety under Trog
   348 | D:1      | Reached skill level 5 in Axes
   440 | D:1      | Found a faded altar of an unknown god.
   711 | D:1      | Upgraded the game from 0.31-a0-795-g5eb97db20b to
                  | 0.31-a0-799-g6bc09d010c
   804 | D:2      | Reached XP level 3. HP: 19/31 MP: 2/2
   866 | D:2      | Found a runed translucent door.
   867 | D:2      | Noticed Crazy Yiuf
  1242 | D:2      | You fall into a shaft and drop 2 floors!
  1291 | D:3      | Found an iron altar of Okawaru.
  1659 | D:3      | Identified the amulet "Naareno" {Reflect SH+5 SInv}
  2332 | D:4      | Noticed Robin
  2339 | D:4      | Reached skill level 6 in Axes
  2339 | D:4      | Reached XP level 4. HP: 19/39 MP: 3/3
  2343 | D:4      | HP: 1/39 [poisoned by a goblin]
  2346 | D:4      | Succumbed to a goblin's poison

Illustrated notes

Levels and vault maps discovered:
D:1:      amcnicky_arrival_underground_garden, layout_basic,
          ebering_ecumenical_altar_abandoned
D:2:      layout_basic, uniq_crazy_yiuf_cottage
D:3:      layout_basic, okawaru_gym_becter
D:4:      layout_gridville, temple_fountains, gup_sewer_entry_bubbles,
          minmay_fire_ice_demons, uniq_robin

Skill      XL: |  1  2  3 |
---------------+----------+-----
Axes           | 4 5 6 |  6.0
Fighting       | |  3.6
Armour         | |  2.4
Dodging        | |  2.1

Action                     |  1- 3 |  4- 6 || total
---------------------------+-------+-------++-------
  Melee: Hand axe          |    93 |     2 ||    95
         Headbutt          |    10 |       ||    10
    Use: Potion            |       |     2 ||     2
 Armour: Animal skin       |    17 |       ||    17
         Scale mail        |    30 |       ||    30
         Chain mail        |    25 |     5 ||    30
  Dodge: Dodged            |    55 |       ||    55

Table legend: (Time is in decaauts)
 A = Elapsed time spent in this place.
 B = Non-inter-level travel time spent in this place.
 C = Inter-level travel time spent in this place.
 D = Time resting spent in this place.
 E = Time spent auto-exploring this place.
 F = Levels seen in this place.
 G = Mean time per level.
                   A        B        C        D        E       F      G
               +--------+--------+--------+--------+--------+-----+--------+
         Total |   2348 |   2102 |    246 |      0 |   1788 |   4 |  587.0 |
       Dungeon |   2348 |   2102 |    246 |      0 |   1788 |   4 |  587.0 |
               +--------+--------+--------+--------+--------+-----+--------+

Top non-repeatable levels by time:
     D:3: 888 daAuts
     D:1: 790 daAuts
     D:2: 607 daAuts
     D:4: 62 daAuts
